cohdb
Replays
Latest Replays
All Replays
Popular Replays
Top Player Replays
Match Explorer
How It Works
Community
CoH3 Stats
Reddit
Sign in to upload your games and track your stats! →
Sign in with Steam
Match 39704316
Unlisted
Match 39704316
Overview
Messages
Build Orders
End
Panzergrenadier Squad
Panzergrenadier Squad
Panzergrenadier Squad
Construct Light Support Kompanie
2.5-tonne Medical Truck
MG34 Team
Construct Mechanized Kompanie
Selects Armored Support Battlegroup
Selects Veteran Gunners
Construct Panzerarmee Kommand
Panzer III L Medium Tank
Panzergrenadier Squad
2.5-tonne Medical Truck
AI Takeover
Sakura
XuZhongwei
0
0
Comments
sign in to comment!
No comments posted yet!